Map: Orbital Shipyard

Players

CheesusCrist

  • Race: Protoss Protoss

Miltreta - Winner!

  • Race: Terran Terran
  • League: Bronze

VOD

Have the link to the VOD?

Description

Time

  • Played on: March 17, 2016, 8:22 a.m.
  • Length: 3:52
Show
View Real Time Build Order
Export as new Build Order

CheesusCrist Protoss 

Build Orders:  

Get SALT Encoding   

Show
View Real Time Build Order
Export as new Build Order

Miltreta Terran - Winner!

Build Orders:  

Get SALT Encoding   

  12  0:01  SCV  
  13  0:19  Supply Depot  
  13  0:24  Refinery  
  13  0:25  SCV  
  14  0:33  Refinery  
  14  0:37  SCV  
  15  0:51  Barracks  
  15  0:56  SCV  
  16  1:16  Supply Depot  
  16  1:18  SCV  
  17  1:30  SCV  
  18  1:42  Reaper  
  19  2:07  Factory  
  19  2:22  Bunker, Barracks Reactor  
  19  2:32  SCV  
  20  2:45  Barracks  
  20  2:53  Supply Depot  
  20  2:54  Factory Reactor  
  20  3:02  Reaper x2  
  22  3:40  Barracks Reactor  
Tags
 
Add a new tag
Caveats
  • Supply blocks, unpowered buildings, or Contaminate may cause inaccurate times.
  • Supply counts are checked every 10 seconds.